 Dungeon Crawl Stone Soup version 0.21.1-1-g345015fe64 (webtiles) character file.

148 Htamos the Conjurer (level 5, 0/28 HPs)
             Began as a Deep Elf Conjurer on July 12, 2018.
             Hit by a goblin thrown by Robin (1 damage)
             ... on level 2 of the Dungeon.
             The game lasted 00:02:44 (1140 turns).

Htamos the Conjurer (Deep Elf Conjurer)             Turns: 1140, Time: 00:02:45

Health: 0/28       AC:  2    Str:  5    XL:     5   Next: 8%
Magic:  2/13       EV: 13    Int: 21    God:
Gold:   133        SH:  0    Dex: 15    Spells: 11/12 levels left

rFire    . . .     SeeInvis .   m - +0 dagger
rCold    . . .     Gourm    .   (no shield)
rNeg     . . .     Faith    .   a - +0 robe
rPois    .         Spirit   .   (no helmet)
rElec    .         Reflect  .   (no cloak)
rCorr    +         Harm     .   (no gloves)
MR       .....     Rnd*Tele +   (no boots)
Stlth    ++........             (no amulet)
HPRegen  0.09/turn              e - ring of teleportation (curse)
MPRegen  0.13/turn              j - ring of resist corrosion (curse)

@: no status effects
A: no striking features
a: no special abilities


You were on level 2 of the Dungeon.
You were not hungry.

You visited 1 branch of the dungeon, and saw 2 of its levels.

You collected 133 gold pieces.

Inventory:

Hand Weapons
 m - a +0 dagger (weapon)
Missiles
 i - 17 sling bullets
 l - 46 stones (quivered)
Armour
 a - a +0 robe (worn)
Jewellery
 e - a cursed ring of teleportation (left hand)
 j - a cursed ring of resist corrosion (right hand)
Scrolls
 f - a scroll of fog {unknown}
 g - 3 scrolls of identify {unknown}
Potions
 d - a potion of curing
 h - a potion of agility {unknown}
Books
 b - a book of Conjurations

   Spells                             Type                      Level
   a - Magic Dart                     Conjuration                  1
   b - Searing Ray                    Conjuration                  2
   c - Dazzling Spray                 Conjuration/Hexes            3
   d - Fulminant Prism                Conjuration/Hexes            4
   e - Force Lance                    Conjuration/Translocation    4
   f - Iskenderun's Mystic Blast      Conjuration                  4
Comestibles
 c - 2 rations


   Skills:
 - Level 2.4 Dodging
 - Level 2.4 Stealth
 + Level 4.0 Spellcasting
 + Level 6.6 Conjurations


You had 11 spell levels left.
You knew the following spells:

 Your Spells              Type           Power        Failure   Level  Hunger
a - Magic Dart            Conj           ####         1%          1    None


Dungeon Overview and Level Annotations

Branches:
Dungeon (2/15)

Altars:

Annotations:
D:2 Robin


Message History

Robin hits you but does no damage.
A goblin comes into view.
Robin throws the goblin at you! The goblin barely misses you.
You see here a whip.
You hit the goblin.
The goblin is heavily wounded.
The goblin hits you with a dagger. The goblin closely misses you.
A goblin comes into view. It is wielding a dagger.
You barely miss the goblin.
The goblin is heavily wounded.
Robin hits you from afar with a trident of protection.
The goblin hits you with a club.
* * * LOW HITPOINT WARNING * * *
Robin hits you from afar with a trident of protection!
* * * LOW HITPOINT WARNING * * *
The goblin closely misses you.
Robin roars a battlecry!
The goblin goes into a battle-frenzy!
Robin throws the goblin at you!
You die...

#.#.............
#.#...รท...#.....
#.#.......#####.
#.#.##....# .
#######....#.#....
#............#.###
#.##.........#.###
#.##g#.#.#.#......
#.##.@.......#..#
#....#.#g#.#.#..#
#.#....gg.......#
#.##.#.#g#.#....##
#.#......g).......
#....#.#.#g#.##.##
####.......g.#
########.## ..#


You could see Robin, 2 hobgoblins and 5 goblins.

Vanquished Creatures
  A centaur (D:2)
  2 adders (D:2)
  2 oozes (D:1)
  3 dart slugs (D:1)
  A giant cockroach (D:1)
  10 goblins
  A hobgoblin (D:1)
  5 kobolds
  A quokka (D:2)
  3 bats (D:1)
  5 frilled lizards
  9 rats
43 creatures vanquished.

Notes
Turn   | Place    | Note
-------+----------+-------------------------------------------
     0 | D:1      | Htamos the Deep Elf Conjurer began the quest for the Orb.
     0 | D:1      | Reached XP level 1. HP: 10/10 MP: 6/6
    83 | D:1      | Reached XP level 2. HP: 15/15 MP: 1/8
    98 | D:1      | Reached skill level 5 in Conjurations
   421 | D:1      | Reached XP level 3. HP: 19/19 MP: 7/9
   921 | D:2      | Noticed a centaur
   933 | D:2      | Killed a centaur
   933 | D:2      | Reached skill level 6 in Conjurations
   933 | D:2      | Reached XP level 4. HP: 15/24 MP: 1/11
  1047 | D:2      | Reached XP level 5. HP: 28/28 MP: 6/12
  1126 | D:2      | Noticed Robin
  1136 | D:2      | HP: 1/28 [Robin/trident of protection (7)]
  1140 | D:2      | Hit by a goblin thrown by Robin

Skill      XL: |  1  2  3  4  5 |
---------------+----------------+-----
Conjurations   | 5 6 |  6.6
Spellcasting   | 4 |  4.0
Dodging        | |  2.4
Stealth        | |  2.4

Action                   |  1- 3 |  4- 6 || total
-------------------------+-------+-------++-------
Melee: Unarmed           |    17 |       ||    17
       Dagger            |       |     5 ||     5
 Cast: Magic Dart        |    57 |    24 ||    81
  Use: Potion            |     1 |       ||     1
  Eat: Chunk             |       |     1 ||     1
Armor: Robe              |     2 |     1 ||     3
Dodge: Dodged            |    22 |     5 ||    27
